| TOP OF THE 1ST |
|
Baltimore (Rk+) Orioles batting - Pitching for Kingsport Mets : LHP Mitch Carr
|
|
Pitching: LHP Mitch Carr
|
|
|
Batting: RHB Nelson Contreras
|
0-0: Ball 1-0: Foul Ball, location: 25FF 1-1: Foul Ball, location: 2F 1-2: Strikes out looking
|
|
Batting: RHB Hunfried Fisher
|
0-0: Called Strike 0-1: Ground out 5-3 (Groundball, 56S, EV 87.5 MPH)
|
|
Batting: LHB Josh Clarke
|
0-0: Fly out, F7 (Flyball, 78XD, EV 88.8 MPH)
|
| Top of the 1st over - 0 runs, 0 hits, 0 errors, 0 left on base; Baltimore (Rk+) 0 - Kingsport 0 |
| BOTTOM OF THE 1ST |
|
Kingsport Mets batting - Pitching for Baltimore (Rk+) Orioles : RHP Chris Borchers
|
|
Pitching: RHP Chris Borchers
|
|
|
Batting: LHB Mitch Carr
|
0-0: Ball 1-0: Swinging Strike 1-1: Ball 2-1: Ground out U3 (Groundball, 3L, EV 86.9 MPH)
|
|
Batting: RHB Mike Bassler
|
0-0: Ground out 6-3 (Groundball, 6, EV 88.1 MPH)
|
|
Batting: RHB Joe Janelli
|
0-0: Ball 1-0: Called Strike 1-1: Foul Ball, location: 2F 1-2: Ball 2-2: Strikes out swinging
|
| Bottom of the 1st over - 0 runs, 0 hits, 0 errors, 0 left on base; Baltimore (Rk+) 0 - Kingsport 0 |
| TOP OF THE 2ND |
|
Baltimore (Rk+) Orioles batting - Pitching for Kingsport Mets : LHP Mitch Carr
|
|
Batting: LHB Jared Riley
|
0-0: Ground out 6-3 (Groundball, 6, EV 100.0 MPH)
|
|
Batting: RHB Robby Torres
|
0-0: Ball 1-0: Ball 2-0: Ball 3-0: Base on Balls
|
|
Batting: SHB Kareem Long
|
0-0: Fly out, F4 (Line Drive, 4, EV 67.5 MPH)
|
|
Batting: RHB Alberto Gonzalez
|
0-0: Ball 1-0: Fly out, F8 (Line Drive, 8RS, EV 90.0 MPH)
|
| Top of the 2nd over - 0 runs, 0 hits, 0 errors, 1 left on base; Baltimore (Rk+) 0 - Kingsport 0 |
| BOTTOM OF THE 2ND |
|
Kingsport Mets batting - Pitching for Baltimore (Rk+) Orioles : RHP Chris Borchers
|
|
Batting: RHB Zach Delaney
|
0-0: Foul Ball, location: 2F 0-1: Swinging Strike 0-2: Strikes out looking
|
|
Batting: RHB Nick Freeland
|
0-0: Ground out 5-3 (Groundball, 56, EV 86.9 MPH)
|
|
Batting: RHB Danny Hoffmeister
|
0-0: Ball 1-0: Ball 2-0: Swinging Strike 2-1: Ground out 6-3 (Groundball, 56, EV 81.3 MPH)
|
| Bottom of the 2nd over - 0 runs, 0 hits, 0 errors, 0 left on base; Baltimore (Rk+) 0 - Kingsport 0 |
| TOP OF THE 3RD |
|
Baltimore (Rk+) Orioles batting - Pitching for Kingsport Mets : LHP Mitch Carr
|
|
Batting: RHB Chris Sprague
|
0-0: Ball 1-0: Called Strike 1-1: Foul Ball, location: 5FF 1-2: Foul Ball, location: 2F 1-2: Foul Ball, location: 23FF 1-2: Ball 2-2: Foul Ball, location: 9LSF 2-2: SINGLE (Line Drive, 9S, EV 95.0 MPH)
|
|
Batting: LHB Jim Unknown
|
0-0: Ball Chris Sprague is caught stealing 2nd base 2-6 1-0: Fly out, F7 (Flyball, 7, EV 85.6 MPH)
|
|
Batting: RHB Nelson Contreras
|
0-0: Ball 1-0: Ball 2-0: Ground out 1-3 (Groundball, 15, EV 73.1 MPH)
|
| Top of the 3rd over - 0 runs, 1 hit, 0 errors, 0 left on base; Baltimore (Rk+) 0 - Kingsport 0 |
| BOTTOM OF THE 3RD |
|
Kingsport Mets batting - Pitching for Baltimore (Rk+) Orioles : RHP Chris Borchers
|
|
Batting: RHB Winn Byers
|
0-0: Called Strike 0-1: Foul Ball, location: 3SF 0-2: Ball 1-2: Foul Ball, location: 2F 1-2: Ground out 4-3 (Groundball, 4MD, EV 105.6 MPH)
|
|
Batting: LHB Alex Flores
|
0-0: Ball 1-0: Foul Ball, location: 2F 1-1: Called Strike 1-2: Strikes out swinging
|
|
Batting: RHB Robert Sandoval
|
0-0: Ball 1-0: Ball 2-0: Foul Ball, location: 2F 2-1: Swinging Strike 2-2: Strikes out swinging
|
| Bottom of the 3rd over - 0 runs, 0 hits, 0 errors, 0 left on base; Baltimore (Rk+) 0 - Kingsport 0 |
| TOP OF THE 4TH |
|
Baltimore (Rk+) Orioles batting - Pitching for Kingsport Mets : LHP Mitch Carr
|
|
Batting: RHB Hunfried Fisher
|
0-0: Foul Ball, location: 2F 0-1: Ground out 6-3 (Groundball, 6M, EV 78.8 MPH)
|
|
Batting: LHB Josh Clarke
|
0-0: Ball 1-0: Ball 2-0: Called Strike 2-1: Called Strike 2-2: Fly out, F5 (Popup, 5F, EV 63.8 MPH)
|
|
Batting: LHB Jared Riley
|
0-0: Called Strike 0-1: Ball 1-1: Ball 2-1: Ball 3-1: Base on Balls
|
|
Batting: RHB Robby Torres
|
0-0: Ball 1-0: Foul Ball, location: 9LDF 1-1: Called Strike 1-2: Strikes out swinging
|
| Top of the 4th over - 0 runs, 0 hits, 0 errors, 1 left on base; Baltimore (Rk+) 0 - Kingsport 0 |
| BOTTOM OF THE 4TH |
|
Kingsport Mets batting - Pitching for Baltimore (Rk+) Orioles : RHP Chris Borchers
|
|
Batting: LHB Mitch Carr
|
0-0: Swinging Strike 0-1: Called Strike 0-2: Foul Ball, location: 2F 0-2: Ball 1-2: Strikes out swinging
|
|
Batting: RHB Mike Bassler
|
0-0: Called Strike 0-1: Ball 1-1: Ball 2-1: SINGLE (Line Drive, 89S, EV 105.6 MPH)
|
|
Batting: RHB Joe Janelli
|
0-0: Ball 1-0: Ball 2-0: Ball 3-0: Base on Balls Mike Bassler to second
|
|
Batting: RHB Zach Delaney
|
0-0: Ball 1-0: Called Strike 1-1: Fly out, F7 (Flyball, 7S, EV 94.4 MPH)
|
|
Batting: RHB Nick Freeland
|
0-0: Ball 1-0: Ball 2-0: Called Strike 2-1: SINGLE (Line Drive, 78M, EV 89.4 MPH) Mike Bassler to third Joe Janelli to second
|
|
Batting: RHB Danny Hoffmeister
|
0-0: Ball 1-0: Swinging Strike 1-1: Foul Ball, location: 2F 1-2: Foul Ball, location: 3SF 1-2: Strikes out swinging
|
| Bottom of the 4th over - 0 runs, 2 hits, 0 errors, 3 left on base; Baltimore (Rk+) 0 - Kingsport 0 |
| TOP OF THE 5TH |
|
Baltimore (Rk+) Orioles batting - Pitching for Kingsport Mets : LHP Mitch Carr
|
|
Batting: SHB Kareem Long
|
0-0: Called Strike 0-1: Ball 1-1: Swinging Strike 1-2: Ground out 6-3 (Groundball, 6, EV 86.9 MPH)
|
|
Batting: RHB Alberto Gonzalez
|
0-0: Called Strike 0-1: Called Strike 0-2: Strikes out swinging
|
|
Batting: RHB Chris Sprague
|
0-0: Ball 1-0: Ball 2-0: Ground out 3-1 (Groundball, 34, EV 95.0 MPH)
|
| Top of the 5th over - 0 runs, 0 hits, 0 errors, 0 left on base; Baltimore (Rk+) 0 - Kingsport 0 |
| BOTTOM OF THE 5TH |
|
Kingsport Mets batting - Pitching for Baltimore (Rk+) Orioles : RHP Chris Borchers
|
|
Batting: RHB Winn Byers
|
0-0: DOUBLE (Line Drive, 9LS, EV 95.0 MPH)
|
|
Pinch Runner at 2nd Juan Benitez:
|
|
|
Batting: LHB Alex Flores
|
0-0: Ball 1-0: Ground out 4-3 (Groundball, 4, EV 81.3 MPH) Juan Benitez to third
|
|
Batting: RHB Robert Sandoval
|
0-0: Swinging Strike 0-1: Swinging Strike 0-2: Strikes out swinging
|
|
Batting: LHB Mitch Carr
|
0-0: SINGLE (Groundball, 4MD, EV 105.6 MPH) Juan Benitez scores
|
|
Batting: RHB Mike Bassler
|
0-0: Called Strike 0-1: Called Strike 0-2: Ball 1-2: Foul Ball, location: 2F 1-2: Ball 2-2: SINGLE (Groundball, 15S, EV 72.5 MPH) (infield hit) Mitch Carr to second
|
|
Batting: RHB Joe Janelli
|
0-0: Called Strike 0-1: Ball 1-1: Ball 2-1: Ball 3-1: Ground out 4-3 (Groundball, 4, EV 85.0 MPH)
|
| Bottom of the 5th over - 1 run, 3 hits, 0 errors, 2 left on base; Baltimore (Rk+) 0 - Kingsport 1 |
| TOP OF THE 6TH |
|
Baltimore (Rk+) Orioles batting - Pitching for Kingsport Mets : LHP Mitch Carr
|
|
Now at 2B: Javier Duran
|
|
|
Batting: LHB Jim Unknown
|
0-0: Ball 1-0: Called Strike 1-1: Foul Ball, location: 5SF 1-2: Ball 2-2: Strikes out swinging
|
|
Batting: RHB Nelson Contreras
|
0-0: Ball 1-0: Called Strike 1-1: SINGLE (Groundball, 4S, EV 73.1 MPH) (infield hit)
|
|
Batting: RHB Hunfried Fisher
|
0-0: Ball 1-0: Ball 2-0: Ball 3-0: Called Strike 3-1: Foul Ball, location: 2F 3-2: Base on Balls Nelson Contreras to second
|
|
Batting: LHB Josh Clarke
|
0-0: Ball 1-0: Foul Ball, location: 7LSF 1-1: Ball 2-1: Foul Ball, location: 9LSF 2-2: Foul Ball, location: 3DF 2-2: Foul Ball, location: 2F 2-2: Foul Ball, location: 2F 2-2: DOUBLE (Line Drive, 3D, EV 104.4 MPH) Nelson Contreras scores Hunfried Fisher to third Runner from 3rd tries for Home, SAFE, no throw by RF
|
|
Batting: LHB Jared Riley
|
0-0: Foul Ball, location: 7LSF 0-1: Swinging Strike 0-2: Ground out 6-3 (Groundball, 56, EV 110.6 MPH)
|
|
Pitching: LHP Javy Sierra
|
|
|
Batting: RHB Robby Torres
|
0-0: Foul Ball, location: 2F 0-1: Ball 1-1: Ball 2-1: Swinging Strike 2-2: Strikes out swinging, 2-3 out at first.
|
| Top of the 6th over - 2 runs, 2 hits, 0 errors, 1 left on base; Baltimore (Rk+) 2 - Kingsport 1 |
| BOTTOM OF THE 6TH |
|
Kingsport Mets batting - Pitching for Baltimore (Rk+) Orioles : RHP Chris Borchers
|
|
Batting: RHB Zach Delaney
|
0-0: Ball 1-0: Foul Ball, location: 5F 1-1: Called Strike 1-2: Foul Ball, location: 9LSF 1-2: Ball 2-2: Strikes out swinging
|
|
Batting: RHB Nick Freeland
|
0-0: Called Strike 0-1: Ball 1-1: Ball 2-1: Ball 3-1: Foul Ball, location: 5F 3-2: Ground out 6-3 (Groundball, 6, EV 83.1 MPH)
|
|
Batting: RHB Danny Hoffmeister
|
0-0: Fly out, F7 (Flyball, 7, EV 89.4 MPH)
|
| Bottom of the 6th over - 0 runs, 0 hits, 0 errors, 0 left on base; Baltimore (Rk+) 2 - Kingsport 1 |
| TOP OF THE 7TH |
|
Baltimore (Rk+) Orioles batting - Pitching for Kingsport Mets : LHP Javy Sierra
|
|
Batting: SHB Kareem Long
|
0-0: Called Strike 0-1: Ball 1-1: Ball 2-1: Swinging Strike 2-2: Ground out 6-3 (Groundball, 6, EV 90.0 MPH)
|
|
Batting: RHB Alberto Gonzalez
|
0-0: SINGLE (Groundball, 6D, EV 98.8 MPH)
|
|
Batting: RHB Chris Sprague
|
0-0: Foul Ball, location: 23F 0-1: Swinging Strike 0-2: Ball 1-2: Foul Ball, location: 2F 1-2: Foul Ball, location: 7LSF 1-2: Ball 2-2: Ball 3-2: Foul Ball, location: 23FF 3-2: Foul Ball, location: 2F 3-2: Foul Ball, location: 2RF 3-2: Strikes out swinging
|
|
Batting: LHB Jim Unknown
|
0-0: Called Strike 0-1: Called Strike 0-2: Ball 1-2: Strikes out looking
|
| Top of the 7th over - 0 runs, 1 hit, 0 errors, 1 left on base; Baltimore (Rk+) 2 - Kingsport 1 |
| BOTTOM OF THE 7TH |
|
Kingsport Mets batting - Pitching for Baltimore (Rk+) Orioles : RHP Chris Borchers
|
|
Batting: RHB Javier Duran
|
0-0: Ball 1-0: Ball 2-0: Ball 3-0: Called Strike 3-1: Foul Ball, location: 5FF 3-2: Fly out, F7 (Flyball, 78M, EV 90.0 MPH)
|
|
Batting: LHB Alex Flores
|
0-0: Ball 1-0: Swinging Strike 1-1: Ground out U3 (Groundball, 3, EV 95.0 MPH)
|
|
Batting: RHB Robert Sandoval
|
0-0: Called Strike 0-1: Foul Ball, location: 9LSF 0-2: Strikes out swinging
|
| Bottom of the 7th over - 0 runs, 0 hits, 0 errors, 0 left on base; Baltimore (Rk+) 2 - Kingsport 1 |
| TOP OF THE 8TH |
|
Baltimore (Rk+) Orioles batting - Pitching for Kingsport Mets : LHP Javy Sierra
|
|
Pitching: RHP Paul Osteen
|
|
|
Batting: RHB Nelson Contreras
|
0-0: Swinging Strike 0-1: Ball 1-1: Ball 2-1: Called Strike 2-2: Foul Ball, location: 9LMF 2-2: Reached on error, E6 (Groundball, 6, EV 86.3 MPH)
|
|
Batting: RHB Hunfried Fisher
|
0-0: Called Strike 0-1: Ball 1-1: Reached on error, E6 (Groundball, 56, EV 105.6 MPH) Nelson Contreras to third
|
|
Batting: LHB Josh Clarke
|
0-0: Foul Ball, location: 2F 0-1: Swinging Strike 0-2: Ball 1-2: Foul Ball, location: 2F 1-2: Strikes out swinging
|
|
Batting: LHB Jared Riley
|
0-0: Ball 1-0: SINGLE (Groundball, 4, EV 103.1 MPH) Nelson Contreras scores Hunfried Fisher to second
|
|
Batting: RHB Robby Torres
|
0-0: Called Strike 0-1: Swinging Strike 0-2: Ball 1-2: Foul Ball, location: 2F 1-2: Strikes out swinging
|
|
Batting: SHB Kareem Long
|
0-0: Called Strike 0-1: Ball 1-1: Ball 2-1: Swinging Strike 2-2: Foul Ball, location: 5FF 2-2: Strikes out looking
|
| Top of the 8th over - 1 run, 1 hit, 2 errors, 2 left on base; Baltimore (Rk+) 3 - Kingsport 1 |
| BOTTOM OF THE 8TH |
|
Kingsport Mets batting - Pitching for Baltimore (Rk+) Orioles : RHP Chris Borchers
|
|
Now in RF: Seth Howe
|
|
|
Batting: LHB Mitch Carr
|
0-0: Swinging Strike 0-1: Called Strike 0-2: Fly out, F5 (Line Drive, 56, EV 70.0 MPH)
|
|
Pinch Hitting: LHB Kevin Wilson
|
0-0: Ball 1-0: Ball 2-0: Ground out 2-3 (Groundball, 2L, EV 67.5 MPH)
|
|
Batting: RHB Joe Janelli
|
0-0: Foul Ball, location: 2F 0-1: Ball 1-1: Foul Ball, location: 2F 1-2: Strikes out swinging
|
| Bottom of the 8th over - 0 runs, 0 hits, 0 errors, 0 left on base; Baltimore (Rk+) 3 - Kingsport 1 |
| TOP OF THE 9TH |
|
Baltimore (Rk+) Orioles batting - Pitching for Kingsport Mets : RHP Paul Osteen
|
|
Now in LF: Kevin Wilson
|
|
|
Now in CF: Nick Freeland
|
|
|
Batting: RHB Alberto Gonzalez
|
0-0: Ball 1-0: Swinging Strike 1-1: Ball 2-1: Fly out, F8 (Flyball, 8RXD, EV 109.4 MPH)
|
|
Batting: RHB Chris Sprague
|
0-0: Called Strike 0-1: Swinging Strike 0-2: Ball 1-2: Ball 2-2: Strikes out swinging
|
|
Batting: LHB Jim Unknown
|
0-0: Swinging Strike 0-1: Swinging Strike 0-2: Ball 1-2: Ball 2-2: Strikes out looking
|
| Top of the 9th over - 0 runs, 0 hits, 0 errors, 0 left on base; Baltimore (Rk+) 3 - Kingsport 1 |
| BOTTOM OF THE 9TH |
|
Kingsport Mets batting - Pitching for Baltimore (Rk+) Orioles : RHP Chris Borchers
|
|
Pitching: RHP Brett Gillam
|
|
|
Batting: RHB Zach Delaney
|
0-0: Ball 1-0: Called Strike 1-1: Fly out, F8 (Line Drive, 8LS, EV 95.6 MPH)
|
|
Batting: RHB Nick Freeland
|
0-0: Ball 1-0: Called Strike 1-1: Ground out 6-3 (Groundball, 6, EV 100.0 MPH)
|
|
Batting: RHB Danny Hoffmeister
|
0-0: Swinging Strike 0-1: Ball 1-1: Foul Ball, location: 9LSF 1-2: Ground out 1-3 (Groundball, 23, EV 63.8 MPH)
|
| Bottom of the 9th over - 0 runs, 0 hits, 0 errors, 0 left on base; Baltimore (Rk+) 3 - Kingsport 1 |
|